 Dungeon Sprint DCSS version 0.30-a0-1161-g0704695555 (webtiles) character file.

Game seed: 8030932449887240411

967 123456 the Fighter (level 7, -1/78 HPs)
             Began as a Minotaur Fighter on Apr 27, 2023.
             Was an Initiate of Gozag.
             Slain by a boulder beetle (19 damage)
             ... in the Dungeon (Sprint IX: "|||||||||||||||||||||||||||||").
             The game lasted 00:01:13 (322 turns).

123456 the Fighter (Minotaur Fighter)                Turns: 322, Time: 00:01:13

Health: -1/78      AC:  9    Str: 24    XL:     7   Next: 93%
Magic:  6/6        EV: 14    Int:  5    God:    Gozag
Gold:   603        SH:  5    Dex: 14    Spells: 6/6 levels left

rFire   . . .        n - +2 morningstar (heavy)
rCold   . . .        c - +0 buckler
rNeg    . . .        a - +2 ring mail
rPois   .            (helmet restricted)
rElec   .            (no cloak)
rCorr   .            (no gloves)
SInv    .            (no boots)
Will    .....        (no amulet)
Stlth   +            o - +3 ring of strength
HPRegen 0.33/turn    p - +3 ring of dexterity
MPRegen 0.10/turn

%: no teleportation
@: gold aura
A: horns 2, retaliatory headbutt
a: Renounce Religion, Potion Petition, Call Merchant, Bribe Branch


You were in the Dungeon.
You worshipped Gozag.
Gozag was pleased with you.
You visited 1 branch You collected 603 gold pieces.

Inventory:

Hand Weapons
 n - a +2 heavy morningstar (weapon)
Armour
 a - a +2 ring mail (worn)
 b - a +0 scale mail
 c - a +0 buckler (worn)
Jewellery
 o - a +3 ring of strength (left hand)
 p - a +3 ring of dexterity (right hand)
Wands
 m - a wand of roots (10)
Scrolls
 j - 2 scrolls of blinking
 l - 2 scrolls of amnesia
Potions
 e - a potion of invisibility
 f - 2 potions of heal wounds
 g - a potion of haste
 h - 4 potions of magic
 i - a potion of berserk rage
 k - 4 potions of curing


   Skills:
 * Level 12.5 Fighting
 * Level 12.3 Maces & Flails
 + Level 9.1 Armour
 + Level 7.6 Dodging
 - Level 3.6 Shields


You had 6 spell levels left.
You didn't know any spells.
Your spell library was empty.

Dungeon Overview and Level Annotations

Branches:
Dungeon (1/1)

Altars:
Cheibriados
Dithmenos
Elyvilon
Fedhas
Gozag
Hepliaklqana
Kikubaaqudgha
Makhleb
Nemelex Xobeh
Okawaru
Qazlal
Ru
Sif Muna
Trog
Uskayaw
Vehumet
Wu Jian
Xom
Yredelemnul
Zin
The Shining One
Jiyva
Lugonu


Innate Abilities, Weirdness & Mutations

You have a pair of horns on your head.
You reflexively headbutt those who attack you in melee.


Message History

HP restored.
There is an open door to the Dungeon, spattered with blood here.
You see here a +0 shortbow.
You open the door.
A howler monkey, 2 centaur warriors, a two-headed ogre, a boulder beetle and a cyclops come into view.
The centaur warrior shouts!
The howler monkey howls!
The two-headed ogre shouts in stereo!
The cyclops shouts!
Unknown command.
Unknown command.
The cyclops hits you!!
There is an open door, spattered with blood here.
You impale the cyclops!!
The cyclops is heavily wounded.
The cyclops hits you!!
* * * LOW HITPOINT WARNING * * *
You are too injured to fight recklessly!
You are too injured to fight recklessly!
You are too injured to fight recklessly!
Unknown command.
You barely miss the cyclops.
The cyclops is heavily wounded.
The cyclops completely misses you.
You completely miss the cyclops. Your headbutt misses the cyclops.
The cyclops is heavily wounded.
The boulder beetle leaps!
The cyclops hits you!
* * * LOW HITPOINT WARNING * * *
You impale the cyclops!! You headbutt the cyclops.
You kill the cyclops!
The centaur warrior is distracted by your dazzling golden aura.
Your Fighting skill increases to level 12!
Your Maces & Flails skill increases to level 12!
Your Armour skill increases to level 9!
Your Dodging skill increases to level 7!
Unknown command.
Unknown command.
The centaur warrior shouts!
You hit the boulder beetle but do no damage.
The boulder beetle bites you!!
You die...
Your body crumbles into a pile of gold. ▓▓▓▓▓▓▓▓▓▓▓▓▓▓▓▓▓▓▓▓▓▓▓▓▓ +hcc..O'@B...)'...[[.)..' ▓▓▓▓▓▓▓▓▓▓▓▓▓▓▓▓▓▓▓▓▓▓▓▓▓ $ $ $$$$$ $ $ $ $$$$$

You could see a boulder beetle, 2 centaur warriors, a two-headed ogre and a howler monkey.

Vanquished Creatures
  A cyclops (D)
  2 wraiths (D)
  A wyvern (D)
  A centaur (D)
  2 howler monkeys (D)
  A gnoll (D)
  An adder (D)
  An ufetubus (D)
  2 orcs (D)
  A ball python (D)
  A bat (D)
  An endoplasm (D)
  A frilled lizard (D)
  A goblin (D)
17 creatures vanquished.

Notes
Turn   | Place    | Note
-------+----------+-------------------------------------------
     0 | D        | 123456 the Minotaur Fighter began the quest for the Orb.
     0 | D        | Reached XP level 1. HP: 19/19 MP: 0/0
    10 | D        | Reached skill level 1 in Dodging
    24 | D        | Reached XP level 2. HP: 18/28 MP: 1/1
    28 | D        | Reached skill level 5 in Fighting
    36 | D        | Reached XP level 3. HP: 23/37 MP: 2/2
    95 | D        | Found a snail-covered altar of Cheibriados.
    95 | D        | Found a shadowy altar of Dithmenos.
    95 | D        | Found a white marble altar of Elyvilon.
    95 | D        | Found a blossoming altar of Fedhas.
    95 | D        | Found an opulent altar of Gozag.
    96 | D        | Found a hazy altar of Hepliaklqana.
    97 | D        | Found a viscous altar of Jiyva.
    98 | D        | Found an ancient bone altar of Kikubaaqudgha.
    99 | D        | Found a corrupted altar of Lugonu.
   100 | D        | Found a burning altar of Makhleb.
   101 | D        | Found a sparkling altar of Nemelex Xobeh.
   102 | D        | Found an iron altar of Okawaru.
   103 | D        | Became a worshipper of Gozag Ym Sagoz the Greedy
   108 | D        | Found a stormy altar of Qazlal.
   109 | D        | Found a sacrificial altar of Ru.
   110 | D        | Found a shimmering blue altar of Sif Muna.
   111 | D        | Found a bloodstained altar of Trog.
   112 | D        | Found a hide-covered altar of Uskayaw.
   113 | D        | Found a radiant altar of Vehumet.
   114 | D        | Found an ornate altar of the Wu Jian Council.
   115 | D        | Found a shimmering altar of Xom.
   116 | D        | Found a basalt altar of Yredelemnul.
   117 | D        | Found a glowing silver altar of Zin.
   118 | D        | Found a glowing golden altar of the Shining One.
   162 | D        | Noticed a centaur
   162 | D        | Noticed a wraith
   162 | D        | Noticed a wyvern
   162 | D        | Noticed a wraith
   168 | D        | Killed a wraith
   169 | D        | Reached XP level 4. HP: 9/49 MP: 3/3
   169 | D        | Reached XP level 5. HP: 10/56 MP: 4/4
   171 | D        | Killed a wyvern
   172 | D        | Reached skill level 10 in Fighting
   172 | D        | Reached skill level 10 in Maces & Flails
   172 | D        | Reached skill level 5 in Dodging
   172 | D        | Reached XP level 6. HP: 4/66 MP: 5/5
   173 | D        | Killed a wraith
   176 | D        | HP: 1/67 [howler monkey (5)]
   180 | D        | Reached XP level 7. HP: 37/74 MP: 6/6
   315 | D        | Noticed a centaur warrior
   315 | D        | Noticed a centaur warrior
   315 | D        | Noticed a two-headed ogre
   315 | D        | Noticed a boulder beetle
   315 | D        | Noticed a cyclops
   320 | D        | Killed a cyclops
   322 | D        | Slain by a boulder beetle

Illustrated notes

Levels and vault maps discovered:
D:        linesprint [early_d, line_temple, items_1, d_10, items_2, lair_1,
          lair_end, items_3, orc_1, orc_end, items_4, d_15, swamp_1, shoals_1,
          snake_1, spider_1, d_20, vaults_1, items_5, swamp_end, shoals_end,
          snake_end, spider_end, vaults_end, d_27, items_6, zot_1, zot_end,
          crypt_end, forest_end, elf_end, slime_end, tomb_end, abyss_end,
          pan_hell_end]

Skill      XL: |  1  2  3  4  5  6  7 |
---------------+----------------------+-----
Fighting       | 4 5 8 10 11 12 | 12.5
Maces & Flails | 3 4 8 10 12 | 12.3
Armour         | 4 6 7 8 9 |  9.1
Dodging        | 1 2 4 5 6 7 |  7.6
Shields        | |  3.6

Action                     |  1- 3 |  4- 6 |  7- 9 || total
---------------------------+-------+-------+-------++-------
  Melee: Flail             |    24 |       |       ||    24
         Headbutt          |     3 |       |     1 ||     4
         Morningstar       |     6 |     9 |     6 ||    21
    Use: Potion            |     1 |     2 |       ||     3
   Stab: Distracted        |       |     1 |       ||     1
 Armour: Scale mail        |    16 |       |       ||    16
         Ring mail         |     4 |     4 |     1 ||     9
  Dodge: Dodged            |    16 |     7 |     1 ||    24
  Block: Buckler           |     9 |     5 |       ||    14

Table legend: (Time is in decaauts)
 A = Elapsed time spent in this place.
 B = Non-inter-level travel time spent in this place.
 C = Inter-level travel time spent in this place.
 D = Time resting spent in this place.
 E = Time spent auto-exploring this place.
 F = Levels seen in this place.
 G = Mean time per level.
                   A        B        C        D        E       F      G
               +--------+--------+--------+--------+--------+-----+--------+
         Total |    349 |    349 |      0 |    117 |     76 |   1 |  349.0 |
       Dungeon |    349 |    349 |      0 |    117 |     76 |   1 |  349.0 |
               +--------+--------+--------+--------+--------+-----+--------+

Top non-repeatable levels by time:
       D: 349 daAuts
